 Dungeon Crawl Stone Soup version 0.29.1-1-gd02db6906a (webtiles) character file.

Game seed: 16799683762669991142

625 safid the Skirmisher (level 7, -3/57 HPs)
             Began as a Minotaur Hunter on Oct 20, 2022.
             Slain by Duvessa
             ... wielding a +0 short sword
              (7 damage)
             ... on level 5 of the Dungeon.
             The game lasted 00:06:14 (3695 turns).

safid the Skirmisher (Minotaur Hunter)              Turns: 3695, Time: 00:06:15

Health: -3/57      AC:  3    Str: 21    XL:     7   Next: 23%
Magic:  6/6        EV: 12    Int:  6    God:
Gold:   165        SH:  0    Dex: 16    Spells: 6/6 levels left

rFire   . . .      SeeInvis .   a - +0 shortbow (flame)
rCold   . . .      Faith    .   (shield currently unavailable)
rNeg    . . .      Spirit   .   c - +0 leather armour
rPois   .          Reflect  .   (helmet restricted)
rElec   .          Harm     .   (no cloak)
rCorr   .          Rampage  .   (no gloves)
Will    .....                   (no boots)
Stlth   +.........              (no amulet)
HPRegen 0.19/turn               i - +6 ring of strength
MPRegen 0.10/turn               r - ring of flight

@: about to teleport, flying
A: horns 2, retaliatory headbutt
a: no special abilities


You were on level 5 of the Dungeon.
You visited 1 branch of the dungeon, and saw 5 of its levels.

You collected 217 gold pieces.
You spent 52 gold pieces at shops.

Inventory:

Hand Weapons
 a - a +0 shortbow of flaming (weapon)
Armour
 c - a +0 leather armour (worn)
Jewellery
 i - a +6 ring of strength (left hand)
 r - a ring of flight (right hand)
 w - a ring of ice
Wands
 v - a wand of charming (6)
Scrolls
 b - a scroll of vulnerability {unknown}
 d - 3 scrolls of magic mapping
 e - a scroll of poison
 f - a scroll of identify
 h - a scroll of fear {unknown}
 k - a scroll of enchant armour {unknown}
 l - a scroll of butterflies {unknown}
 m - a scroll of torment {unknown}
 s - a scroll of noise {unknown}
 u - a scroll of amnesia {unknown}
Potions
 g - 3 potions of curing
 j - 2 potions of flight {unknown}
 o - a potion of lignification {unknown}
 p - a potion of invisibility {unknown}
 q - 2 potions of haste {unknown}


   Skills:
 - Level 3.0 Fighting
 + Level 9.6 Ranged Weapons
 - Level 2.1 Dodging
 - Level 0.7 Stealth


You had 6 spell levels left.
You didn't know any spells.
Your spell library contained the following spells:

 Spells                   Type           Power      Damage    Failure   Level
 Confusing Touch          Hex            0%         N/A       86%         3
 Cause Fear               Hex            0%         N/A       99%         4
 Maxwell's Capacitive Co  Air            0%         ∞         100%        8


Dungeon Overview and Level Annotations

Branches:
Dungeon (5/15)
 Temple: D:4-7

Altars:
Fedhas
Ru
The Shining One

Shops:
D:1 :   D:4 !

Annotations:
D:5 Duvessa


Innate Abilities, Weirdness & Mutations

You have a pair of horns on your head.
You reflexively headbutt those who attack you in melee.


Message History

You shoot an arrow. The arrow hits Duvessa!
Duvessa is lightly wounded.
Duvessa barely misses you.
You shoot an arrow. The arrow hits Duvessa.
Duvessa is moderately wounded.
Duvessa hits you with a +0 short sword!
You shoot an arrow. The arrow hits Duvessa.
Duvessa is moderately wounded.
Duvessa hits you with a +0 short sword! x2
* * * LOW HITPOINT WARNING * * *
You are too injured to fight recklessly!
You are too injured to fight recklessly!
You are too injured to fight recklessly!
Unknown command.
Duvessa attacks as you move away! Duvessa barely misses you.
The iguana attacks as you move away! The iguana closely misses you.
You furiously retaliate!
You headbutt the iguana.
As you read the scroll labelled HAVVIU IQ LYZU, it crumbles to dust.
It is a scroll of identify.
d - 3 scrolls of magic mapping Duvessa closely misses you.
Duvessa misses you. You furiously retaliate!
You headbutt Duvessa, but do no damage.
Unknown command.
The air fills with toxic fumes!
As you read the scroll labelled UXAOGAWAGY, it crumbles to dust.
It was a scroll of poison.
Duvessa hits you with a +0 short sword.
* * * LOW HITPOINT WARNING * * *
Okay, then.
As you read the scroll labelled DEUFAMNAJ BOCA, it crumbles to dust.
It is a scroll of brand weapon.
Your +0 shortbow is engulfed in flames!
a - a +0 shortbow of flaming (weapon)
Duvessa hits you with a +0 short sword.
* * * LOW HITPOINT WARNING * * *
Duvessa hits you with a +0 short sword.
* * * LOW HITPOINT WARNING * * *
As you read the scroll labelled IROFOI QEYN, it crumbles to dust.
You feel strangely unstable.
It was a scroll of teleportation.
Duvessa hits you with a +0 short sword!
You die...

.......#########.#
.§.....§§§.......#
.§§....#§#.#.#.#.#
.§§§...#§#.#.#.#.#
.§§§§..#§#.#.#.#.#
.§§§§§.#§#.#.#.#.#
.§§§§§§#§#§#§#§#.##
#le@§§§§§§§..#######
#####§§§#§#.........
###§§§§.########
#####.# #†# #.# #.#
..# ###


You could see Duvessa (berserk) and an iguana.

Vanquished Creatures
  Grinder (D:3)
  A scorpion (D:4)
  Dowan (D:5)
  A crimson imp (D:3)
  2 hounds (D:5)
  A gnoll bouda (D:4)
  An iguana (D:4)
  6 adders
  3 gnolls (D:4)
  3 worms
  A dart slug (D:2)
  2 orcs
  7 endoplasms
  6 giant cockroaches
  8 goblins
  7 hobgoblins
  13 jackals
  8 kobolds
  3 quokkas
  8 ball pythons
  3 bats
  5 frilled lizards
  2 goblin skeletons (D:3)
  A goblin zombie (D:3)
  2 hobgoblin zombies (D:3)
  A kobold skeleton (D:3)
  A kobold zombie (D:3)
  2 orc skeletons (D:3)
  8 rats
108 creatures vanquished.

Notes
Turn   | Place    | Note
-------+----------+-------------------------------------------
     0 | D:1      | safid the Minotaur Hunter began the quest for the Orb.
     0 | D:1      | Reached XP level 1. HP: 18/18 MP: 0/0
   243 | D:1      | Found Huewkuzi's Book Shop.
   254 | D:1      | Found a faded altar of an unknown god.
   310 | D:1      | Reached XP level 2. HP: 26/26 MP: 1/1
   462 | D:1      | Reached skill level 5 in Ranged Weapons
   531 | D:1      | Reached XP level 3. HP: 25/31 MP: 2/2
  1191 | D:2      | Reached skill level 6 in Ranged Weapons
  1191 | D:2      | Reached XP level 4. HP: 22/38 MP: 3/3
  1865 | D:3      | Found a glowing golden altar of the Shining One.
  1935 | D:3      | Reached XP level 5. HP: 45/45 MP: 4/4
  1942 | D:3      | Got the Vellum of Cloudy Imprecation
  2023 | D:3      | Reached skill level 7 in Ranged Weapons
  2030 | D:3      | HP: 2/45 [poisoned by a kobold]
  2343 | D:3      | Noticed Grinder
  2352 | D:3      | Killed Grinder
  2353 | D:3      | Reached skill level 8 in Ranged Weapons
  2353 | D:3      | Reached XP level 6. HP: 26/51 MP: 5/5
  2771 | D:4      | Found Dicke's Distillery.
  2780 | D:4      | Bought a potion of curing for 39 gold pieces
  2780 | D:4      | Bought a potion of degeneration for 13 gold pieces
  2916 | D:4      | Found a blossoming altar of Fedhas.
  3204 | D:4      | Reached skill level 9 in Ranged Weapons
  3233 | D:4      | Reached XP level 7. HP: 25/57 MP: 6/6
  3416 | D:4      | Found a sacrificial altar of Ru.
  3527 | D:5      | Entered Level 5 of the Dungeon
  3673 | D:5      | Noticed Dowan
  3681 | D:5      | Killed Dowan
  3684 | D:5      | Noticed Duvessa
  3695 | D:5      | Slain by Duvessa

Illustrated notes

Levels and vault maps discovered:
D:1:      dpeg_arrival_castle, layout_loops_corners, serial_shops, shop,
          chequers_ecumenical_altar_simple
D:2:      layout_basic, minmay_misc_feat_four_crosses
D:3:      layout_rooms, nicolae_tso_besieged_by_evil, corexii_leaking_fountain,
          uniq_grinder
D:4:      layout_basic, fedhas_altar_1, kennysheep_little_box, serial_shops,
          nicolae_square_shop
D:5:      layout_basic, temple_hall, minmay_misc_feat_rows, uniq_duvessa

Skill      XL: |  1  2  3  4  5  6 |
---------------+-------------------+-----
Fighting       | 3 |  3.0
Ranged Weapons | 5 6 8 9 |  9.6
Dodging        | |  2.1
Stealth        | |  0.7

Action                   |  1- 3 |  4- 6 |  7- 9 || total
-------------------------+-------+-------+-------++-------
 Fire: Shortbow          |   105 |   201 |    25 ||   331
  Use: Scroll            |       |       |     4 ||     4
Armor: Leather armour    |    12 |     4 |       ||    16
Dodge: Dodged            |    21 |    56 |    10 ||    87
